 Dungeon Crawl Stone Soup version 0.29.1-2-gbd0b4ee654 (webtiles) character file.

Game seed: 310665056742832685

819 boopmooplesden the Cudgeller (level 7, -2/76 HPs)
             Began as an Ogre Berserker on Nov 30, 2022.
             Was a Priest of Trog.
             Slain by a river rat (3 damage)
             ... summoned by Eustachio
             ... on level 5 of the Dungeon.
             The game lasted 00:05:06 (4982 turns).

boopmooplesden the Cudgeller (Ogre Berserker)       Turns: 4982, Time: 00:05:07

Health: -2/76      AC:  4    Str: 24    XL:     7   Next: 95%
Magic:  7/7        EV:  7    Int:  8    God:    Trog [***...]
Gold:   207        SH:  0    Dex:  8    Spells: 6/6 levels left

rFire   . . .      SeeInvis .   q - +3 woodcutter's axe {vorpal}
rCold   . . .      Faith    .   (shield currently unavailable)
rNeg    . . .      Spirit   .   b - +1 animal skin
rPois   .          Reflect  .   (helmet restricted)
rElec   .          Harm     .   (no cloak)
rCorr   .          Rampage  .   (gloves unavailable)
Will    .....                   (boots unavailable)
Stlth   +.........              (no amulet)
HPRegen 0.22/turn               (no ring)
MPRegen 0.10/turn               (no ring)

@: grasped by roots, on berserk cooldown, slowed, constricted, very slow
A: large, unfitting armour, tough skin 1
a: Renounce Religion, Berserk, Trog's Hand


You were on level 5 of the Dungeon.
You worshipped Trog.
Trog was most pleased with you.
You visited 1 branch of the dungeon, and saw 5 of its levels.

You collected 207 gold pieces.

Inventory:

Hand Weapons
 a - a +1 mace
 q - the +3 woodcutter's axe (weapon) {vorpal}
   (You found it on level 4 of the Dungeon)

   It inflicts extra damage upon your enemies.
Missiles
 g - 6 javelins (quivered)
Armour
 b - a +1 animal skin (worn)
 c - an orb of light
Wands
 m - a wand of quicksilver (8)
Scrolls
 l - a scroll of magic mapping
 n - 2 scrolls of identify
 o - a scroll of teleportation
 r - a scroll of poison {unknown}
Potions
 d - a potion of heal wounds {unknown}
 e - a potion of cancellation {unknown}
 f - 3 potions of brilliance {unknown}
 h - 4 potions of might {unknown}
 i - 2 potions of curing
 j - 2 potions of flight {unknown}
 k - a potion of lignification {unknown}
 p - a potion of magic {unknown}


   Skills:
 + Level 6.4 Fighting
 + Level 0.5(4.5) Axes
 + Level 6.6 Maces & Flails
 + Level 4.2 Dodging
 + Level 1.0 Stealth


You had 6 spell levels left.
You didn't know any spells.
Your spell library was empty.

Dungeon Overview and Level Annotations

Branches:
Dungeon (5/15)
 Temple: D:4-7

Altars:
Okawaru
Yredelemnul

Annotations:
D:4 1 runed translucent door
D:5 Eustachio, Grinder


Innate Abilities, Weirdness & Mutations

You are too large for most types of armour.
You have tough skin. (AC +1)


Message History

You feel yourself slow down. Grinder misses you.
The river rat barely misses you.
The rat bites you but does no damage. x2
Eustachio gestures wildly while chanting.
You barely miss Grinder. You barely miss the rat. You slash the river rat!
You kill the river rat!
The river rat's corpse disappears in a puff of smoke!
You hit the rat.
You kill the rat!
The rat's corpse disappears in a puff of smoke!
The rat disappears in a puff of smoke!
Grinder blinks!
The bat hits you but does no damage.
You hit the bat.
You kill the bat!
The bat's corpse disappears in a puff of smoke!
Grinder hits you.
You writhe in agony.
The river rat bites you! Grinder hits you!
You writhe in agony.
Eustachio hits you with a +0 rapier.
* * * LOW HITPOINT WARNING * * *
You hit Grinder.
Grinder is lightly wounded.
You closely miss Eustachio. You hit the river rat. The river rat misses you.
Grinder barely misses you. Eustachio hits you with a +0 rapier.
* * * LOW HITPOINT WARNING * * *
You hit Grinder.
Grinder is moderately wounded.
You closely miss Eustachio. You closely miss the river rat.
The river rat bites you!
* * * LOW HITPOINT WARNING * * *
Grinder hits you but does no damage. Eustachio hits you with a +0 rapier.
* * * LOW HITPOINT WARNING * * *
You feel better. The river rat closely misses you. Grinder gestures at you.
Pain shoots through your body!
* * * LOW HITPOINT WARNING * * *
Eustachio zaps a wand.
The roots erupt in riotous growth!
The grasping roots grab you!
The river rat is unaffected.
Eustachio is unaffected.
Grinder is unaffected.
The grasping roots constrict you!
* * * LOW HITPOINT WARNING * * *
The river rat bites you.
You die...

####################
...>...............#
...................#
.............?.....#
#######'###..##@r..#
.........##..##@5..#
.........#>..#.....+
.........#...#.....#
.........#...#.....#
.(.......#..$#.....#
.........###.###...#
########....# ####
...# #....#


You could see Eustachio, Grinder and a river rat (summoned).

Vanquished Creatures
  A steam dragon (D:5)
  A black bear (D:3)
  A phantom (D:3)
  A necrophage (D:4)
  2 scorpions
  2 hounds
  2 jellies
  3 iguanas
  6 adders
  A shadow imp (D:5)
  2 worms (D:2)
  6 dart slugs
  4 orcs (D:5)
  5 ball pythons
  4 bats
  10 endoplasms
  4 giant cockroaches
  3 goblins
  7 hobgoblins
  7 quokkas
  4 frilled lizards
  6 kobolds
  A kobold zombie (D:4)
  5 rats
88 creatures vanquished.

Notes
Turn   | Place    | Note
-------+----------+-------------------------------------------
     0 | D:1      | boopmooplesden the Ogre Berserker began the quest for the
                  | Orb.
     0 | D:1      | Reached XP level 1. HP: 24/24 MP: 1/1
   414 | D:1      | Reached XP level 2. HP: 24/32 MP: 2/2
  1212 | D:2      | Found an iron altar of Okawaru.
  1220 | D:2      | Reached XP level 3. HP: 37/40 MP: 3/3
  1692 | D:2      | Found a faded altar of an unknown god.
  1713 | D:2      | Reached XP level 4. HP: 47/49 MP: 4/4
  1828 | D:2      | Reached ** piety under Trog
  2402 | D:3      | Noticed a black bear
  2409 | D:3      | Killed a black bear
  2410 | D:3      | Reached skill level 5 in Fighting
  2410 | D:3      | Reached XP level 5. HP: 57/57 MP: 5/5
  2473 | D:3      | Noticed a phantom
  2482 | D:3      | Killed a phantom
  2483 | D:3      | Reached XP level 6. HP: 46/66 MP: 6/6
  2666 | D:3      | Reached skill level 5 in Maces & Flails
  2979 | D:3      | Found an iron altar of Okawaru.
  3834 | D:4      | Found a runed translucent door.
  3834 | D:4      | Noticed a human
  3849 | D:4      | Reached XP level 7. HP: 39/74 MP: 7/7
  3851 | D:4      | Found a basalt altar of Yredelemnul.
  4073 | D:4      | Found the +3 woodcutter's axe {vorpal}
  4413 | D:5      | Entered Level 5 of the Dungeon
  4471 | D:5      | Reached *** piety under Trog
  4627 | D:5      | Noticed a steam dragon
  4642 | D:5      | Killed a steam dragon
  4643 | D:5      | Reached skill level 1 in Stealth
  4965 | D:5      | Noticed Grinder
  4965 | D:5      | Noticed Eustachio
  4971 | D:5      | Paralysed by Grinder for 4 turns
  4982 | D:5      | HP: 1/76 [constriction (7)]
  4982 | D:5      | Slain by a river rat

Illustrated notes

Levels and vault maps discovered:
D:1:      matt_arrival_refuge, layout_basic
D:2:      layout_rooms, basic_altar, shapermc_ecumenical_altar_starsandcircs,
          minmay_between
D:3:      layout_loops_ring, okawaru_trees_1, st_stairs_6,
          nicolae_kite_square_tiling_tiny, hex_tiny
D:4:      layout_layer_cave, dk_yredelemnul_ordeal
D:5:      layout_gridville, nicolae_vehumet_altar_sigil, ebering_ghost_gozag,
          kennysheep_generic_room_4, uniq_grinder, uniq_blork_the_orc,
          uniq_eustachio

Skill      XL: |  1  2  3  4  5  6  7 |
---------------+----------------------+-----
Maces & Flails | 3 4 5 6 |  6.6
Dodging        | 3 4 |  4.2
Fighting       | 5 6 |  6.4
Stealth        | 1 |  1.0
Axes           | |  0.5

Action                   |  1- 3 |  4- 6 |  7- 9 || total
-------------------------+-------+-------+-------++-------
Melee: Mace              |    83 |   117 |    19 ||   219
       Punch             |     1 |       |       ||     1
       Battleaxe         |       |       |    40 ||    40
Invok: Berserk           |     1 |     1 |     2 ||     4
  Use: Scroll            |     2 |     6 |     2 ||    10
       Potion            |       |       |     1 ||     1
Armor: Animal skin       |    23 |    29 |    22 ||    74
Dodge: Dodged            |    44 |    67 |    29 ||   140
